TOP OF THE 1ST |
Bakersfield Nobles batting - Pitching for Alloway Halberds : RHP Al Turner
|
Pitching: RHP Al Turner
|
|
Batting: RHB Arnie Latham
|
0-0: Foul Ball, location: 2F 0-1: Called Strike 0-2: Ball 1-2: Strikes out swinging
|
Batting: RHB Miguel Márquez
|
0-0: Ball 1-0: Called Strike 1-1: Ball 2-1: Foul Ball, location: 2F 2-2: Strikes out swinging
|
Batting: RHB Bill Sackett
|
0-0: Ground out 4-3 (Groundball, 4)
|
Top of the 1st over - 0 run(s), 0 hit(s), 0 error(s), 0 left on base; Bakersfield 0 - Alloway 0 |
BOTTOM OF THE 1ST |
Alloway Halberds batting - Pitching for Bakersfield Nobles : RHP Raúl Pérez
|
Pitching: RHP Raúl Pérez
|
|
Batting: RHB Pedro Orozco
|
0-0: Swinging Strike 0-1: Swinging Strike 0-2: Fly out, F7 (Line Drive, 7M)
|
Batting: RHB Bill Stewart
|
0-0: Called Strike 0-1: Ball 1-1: Swinging Strike 1-2: Strikes out swinging
|
Batting: RHB Jonathan Cundall
|
0-0: Ball 1-0: Fly out, F7 (Line Drive, 7D)
|
Bottom of the 1st over - 0 run(s), 0 hit(s), 0 error(s), 0 left on base; Bakersfield 0 - Alloway 0 |
TOP OF THE 2ND |
Bakersfield Nobles batting - Pitching for Alloway Halberds : RHP Al Turner
|
Batting: RHB Tamasaburo Kato
|
0-0: Called Strike 0-1: SOLO HOME RUN (Flyball, 8LXD), Distance : 442 ft
|
Batting: LHB Emery Miller
|
0-0: Called Strike 0-1: Ball 1-1: Fly out, F8 (Flyball, 78XD)
|
Batting: RHB Gil Jenkins
|
0-0: Called Strike 0-1: Foul Ball, location: 2F 0-2: Foul Ball, location: 2F 0-2: Ball 1-2: Foul Ball, location: 2F 1-2: Ground out 1-3 (Groundball, 15)
|
Batting: RHB Jorge Gonzáles
|
0-0: SINGLE (Flyball, 78S)
|
Batting: RHB Ron Gérard
|
0-0: Ball 1-0: Ball 2-0: Called Strike 2-1: Called Strike 2-2: Fly out, F8 (Flyball, 8RM)
|
Top of the 2nd over - 1 run(s), 2 hit(s), 0 error(s), 1 left on base; Bakersfield 1 - Alloway 0 |
BOTTOM OF THE 2ND |
Alloway Halberds batting - Pitching for Bakersfield Nobles : RHP Raúl Pérez
|
Batting: RHB Juan Martínez
|
0-0: Ball 1-0: Ground out 1-3 (Groundball, 13S)
|
Batting: LHB Mathew Rose
|
0-0: Called Strike 0-1: Swinging Strike 0-2: SINGLE (Line Drive, 4M)
|
Batting: RHB Maurice Wiebe
|
0-0: Called Strike 0-1: Foul Ball, location: 2F 0-2: Ball 1-2: Strikes out looking
|
Batting: RHB Mark Davis
|
0-0: Ball 1-0: Called Strike 1-1: Foul Ball, location: 2F 1-2: Ball 2-2: Ball 3-2: Foul Ball, location: 2F 3-2: Fly out, F8 (Line Drive, 8LM)
|
Bottom of the 2nd over - 0 run(s), 1 hit(s), 0 error(s), 1 left on base; Bakersfield 1 - Alloway 0 |
TOP OF THE 3RD |
Bakersfield Nobles batting - Pitching for Alloway Halberds : RHP Al Turner
|
Batting: SHB Ray Davis
|
0-0: Ball 1-0: Foul Ball, location: 2F 1-1: Ball 2-1: Ball 3-1: Foul Ball, location: 2F 3-2: Foul Ball, location: 2F 3-2: Foul Ball, location: 2F 3-2: SINGLE (Line Drive, 6M)
|
Batting: RHB Arnie Latham
|
0-0: Called Strike 0-1: Ball 1-1: Ball 2-1: Swinging Strike 2-2: Fly out, F9 (Line Drive, 9M)
|
Batting: RHB Miguel Márquez
|
0-0: Foul Ball, location: 2F 0-1: Fly out, F6 (Line Drive, 6)
|
Batting: RHB Bill Sackett
|
0-0: Ball 1-0: Ball 2-0: Called Strike 2-1: Foul Ball, location: 2F 2-2: Ball 3-2: Foul Ball, location: 2F 3-2: Fly out, F8 (Flyball, 8RS)
|
Top of the 3rd over - 0 run(s), 1 hit(s), 0 error(s), 1 left on base; Bakersfield 1 - Alloway 0 |
BOTTOM OF THE 3RD |
Alloway Halberds batting - Pitching for Bakersfield Nobles : RHP Raúl Pérez
|
Batting: LHB Kenji Takahashi
|
0-0: Called Strike 0-1: Swinging Strike 0-2: Ball 1-2: Strikes out swinging
|
Batting: RHB Mike Davis
|
0-0: Ball 1-0: Fly out, F8 (Line Drive, 8RXD)
|
Batting: RHB Pedro Orozco
|
0-0: Called Strike 0-1: Swinging Strike 0-2: Fly out, F7 (Flyball, 78M)
|
Bottom of the 3rd over - 0 run(s), 0 hit(s), 0 error(s), 0 left on base; Bakersfield 1 - Alloway 0 |
TOP OF THE 4TH |
Bakersfield Nobles batting - Pitching for Alloway Halberds : RHP Al Turner
|
Batting: RHB Tamasaburo Kato
|
0-0: Fly out, F2 (Popup, 2RF)
|
Batting: LHB Emery Miller
|
0-0: Ball 1-0: Called Strike 1-1: Ball 2-1: Called Strike 2-2: Strikes out looking
|
Batting: RHB Gil Jenkins
|
0-0: Ball 1-0: SOLO HOME RUN (Flyball, 78XD), Distance : 417 ft
|
Batting: RHB Jorge Gonzáles
|
0-0: Called Strike 0-1: Called Strike 0-2: Ball 1-2: Foul Ball, location: 2F 1-2: SINGLE (Line Drive, 56)
|
Batting: RHB Ron Gérard
|
0-0: Foul Ball, location: 2F 0-1: Foul Ball, location: 2F 0-2: Fly out, F8 (Flyball, 8RS)
|
Top of the 4th over - 1 run(s), 2 hit(s), 0 error(s), 1 left on base; Bakersfield 2 - Alloway 0 |
BOTTOM OF THE 4TH |
Alloway Halberds batting - Pitching for Bakersfield Nobles : RHP Raúl Pérez
|
Batting: RHB Bill Stewart
|
0-0: Ball 1-0: Called Strike 1-1: Ball 2-1: SINGLE (Groundball, 56)
|
Batting: RHB Jonathan Cundall
|
0-0: Fly out, F3 (Popup, 23F)
|
Batting: RHB Juan Martínez
|
0-0: Called Strike 0-1: Ball 1-1: Ball 2-1: Ball 3-1: Fly out, F7 (Flyball, 78M)
|
Batting: LHB Mathew Rose
|
0-0: Ball 1-0: Ground out U3 (Groundball, 3L)
|
Bottom of the 4th over - 0 run(s), 1 hit(s), 0 error(s), 1 left on base; Bakersfield 2 - Alloway 0 |
TOP OF THE 5TH |
Bakersfield Nobles batting - Pitching for Alloway Halberds : RHP Al Turner
|
Batting: SHB Ray Davis
|
0-0: Ball 1-0: Ball 2-0: Called Strike 2-1: Swinging Strike 2-2: Foul Ball, location: 2F 2-2: Ball 3-2: Base on Balls
|
Batting: RHB Arnie Latham
|
0-0: Ball 1-0: Bunted foul 1-1: Sac Bunt - play at second, runner OUT! 5-6
|
Batting: RHB Miguel Márquez
|
0-0: Ball 1-0: Swinging Strike 1-1: Ball 2-1: Foul Ball, location: 2F 2-2: Fly out, F8 (Flyball, 8LM)
|
Batting: RHB Bill Sackett
|
0-0: Foul Ball, location: 2F 0-1: Ball 1-1: Ball 2-1: Ball 3-1: Swinging Strike 3-2: Ground out 6-3 (Groundball, 6)
|
Top of the 5th over - 0 run(s), 0 hit(s), 0 error(s), 1 left on base; Bakersfield 2 - Alloway 0 |
BOTTOM OF THE 5TH |
Alloway Halberds batting - Pitching for Bakersfield Nobles : RHP Raúl Pérez
|
Batting: RHB Maurice Wiebe
|
0-0: Ground out 5-3 (Groundball, 5S)
|
Batting: RHB Mark Davis
|
0-0: Swinging Strike 0-1: Swinging Strike 0-2: SINGLE (Groundball, 6MD)
|
Batting: LHB Kenji Takahashi
|
0-0: Called Strike 0-1: Swinging Strike 0-2: Ball 1-2: Foul Ball, location: 2F 1-2: Ball 2-2: Strikes out looking
|
Batting: RHB Mike Davis
|
0-0: Swinging Strike 0-1: Ball 1-1: SINGLE (Groundball, 5D) Mark Davis to second
|
Batting: RHB Pedro Orozco
|
0-0: Called Strike 0-1: Ball 1-1: Fly out, F8 (Flyball, 8RS)
|
Bottom of the 5th over - 0 run(s), 2 hit(s), 0 error(s), 2 left on base; Bakersfield 2 - Alloway 0 |
TOP OF THE 6TH |
Bakersfield Nobles batting - Pitching for Alloway Halberds : RHP Al Turner
|
Batting: RHB Tamasaburo Kato
|
0-0: Called Strike 0-1: Ball 1-1: Fly out, F5 (Popup, 13)
|
Batting: LHB Emery Miller
|
0-0: Called Strike 0-1: Foul Ball, location: 2F 0-2: Ball 1-2: SINGLE (Groundball, 34D)
|
Pitching: RHP Gene Anderson
|
|
Batting: RHB Gil Jenkins
|
0-0: Called Strike 0-1: Ball 1-1: Swinging Strike 1-2: Strikes out swinging
|
Batting: RHB Jorge Gonzáles
|
0-0: Ball 1-0: Ball Passed Ball! Emery Miller to second 2-0: Foul Ball, location: 2F 2-1: Ball 3-1: Base on Balls
|
Batting: RHB Ron Gérard
|
0-0: Fielders Choice at 2nd, U4 (Groundball, 4M)
|
Top of the 6th over - 0 run(s), 1 hit(s), 0 error(s), 2 left on base; Bakersfield 2 - Alloway 0 |
BOTTOM OF THE 6TH |
Alloway Halberds batting - Pitching for Bakersfield Nobles : RHP Raúl Pérez
|
Batting: RHB Bill Stewart
|
0-0: Foul Ball, location: 2F 0-1: Fly out, F9 (Flyball, 9M)
|
Batting: RHB Jonathan Cundall
|
0-0: Called Strike 0-1: Ball 1-1: Ball 2-1: Ground out 6-3 (Groundball, 6)
|
Batting: RHB Juan Martínez
|
0-0: Fly out, F9 (Popup, 3D)
|
Bottom of the 6th over - 0 run(s), 0 hit(s), 0 error(s), 0 left on base; Bakersfield 2 - Alloway 0 |
TOP OF THE 7TH |
Bakersfield Nobles batting - Pitching for Alloway Halberds : RHP Gene Anderson
|
Batting: SHB Ray Davis
|
0-0: Fly out, F8 (Flyball, 8LM)
|
Batting: RHB Arnie Latham
|
0-0: Ball 1-0: Foul Ball, location: 2F 1-1: Called Strike 1-2: Ball 2-2: Foul Ball, location: 2F 2-2: Strikes out swinging
|
Batting: RHB Miguel Márquez
|
0-0: Foul Ball, location: 2F 0-1: Ball 1-1: Swinging Strike 1-2: Strikes out swinging
|
Top of the 7th over - 0 run(s), 0 hit(s), 0 error(s), 0 left on base; Bakersfield 2 - Alloway 0 |
BOTTOM OF THE 7TH |
Alloway Halberds batting - Pitching for Bakersfield Nobles : RHP Raúl Pérez
|
Batting: LHB Mathew Rose
|
0-0: Called Strike 0-1: Fly out, F2 (Popup, 2RF)
|
Batting: RHB Maurice Wiebe
|
0-0: SINGLE (Line Drive, 9S)
|
Batting: RHB Mark Davis
|
0-0: Ball 1-0: Swinging Strike 1-1: Ball 2-1: Fly out, F9 (Flyball, 89S)
|
Batting: LHB Kenji Takahashi
|
0-0: Called Strike 0-1: Ball 1-1: Fielders Choice at 2nd, U4 (Groundball, 4M)
|
Bottom of the 7th over - 0 run(s), 1 hit(s), 0 error(s), 1 left on base; Bakersfield 2 - Alloway 0 |
TOP OF THE 8TH |
Bakersfield Nobles batting - Pitching for Alloway Halberds : RHP Gene Anderson
|
Batting: RHB Bill Sackett
|
0-0: Ball 1-0: Ball 2-0: Fly out, F9 (Flyball, 9M)
|
Pitching: RHP Jim Unknown
|
|
Batting: RHB Tamasaburo Kato
|
0-0: DOUBLE (Line Drive, 7LM)
|
Batting: LHB Emery Miller
|
0-0: Intentional Walk
|
Batting: RHB Gil Jenkins
|
0-0: Foul Ball, location: 2F 0-1: Swinging Strike 0-2: Foul Ball, location: 2F 0-2: Ball 1-2: Ball 2-2: Ball 3-2: Fly out, F8 (Flyball, 8RXD) Runner from 2nd tags up, SAFE at 3rd, no throw
|
Batting: RHB Jorge Gonzáles
|
0-0: Ball 1-0: Called Strike 1-1: Ball 2-1: Foul Ball, location: 2F 2-2: Strikes out swinging
|
Top of the 8th over - 0 run(s), 1 hit(s), 0 error(s), 2 left on base; Bakersfield 2 - Alloway 0 |
BOTTOM OF THE 8TH |
Alloway Halberds batting - Pitching for Bakersfield Nobles : RHP Raúl Pérez
|
Batting: RHB Mike Davis
|
0-0: Ball 1-0: Ball 2-0: SINGLE (Groundball, 56D)
|
Batting: RHB Pedro Orozco
|
0-0: Ball 1-0: Called Strike 1-1: Swinging Strike 1-2: Ball 2-2: Strikes out swinging
|
Batting: RHB Bill Stewart
|
0-0: Called Strike 0-1: DOUBLE (Line Drive, 78M) Mike Davis to third Runner from 3rd tries for Home, SAFE, no throw or cutoff
|
Pinch Hitting: LHB Luis Gutiérrez
|
0-0: Foul Ball, location: 2F 0-1: Ball 1-1: Called Strike 1-2: DOUBLE (Flyball, 89XD) Bill Stewart scores
|
Batting: RHB Juan Martínez
|
0-0: Called Strike 0-1: Swinging Strike 0-2: Ball 1-2: Strikes out swinging
|
Batting: LHB Mathew Rose
|
0-0: Ball 1-0: Foul Ball, location: 2F 1-1: Ball 2-1: Fly out, F8 (Flyball, 8RM)
|
Bottom of the 8th over - 2 run(s), 3 hit(s), 0 error(s), 1 left on base; Bakersfield 2 - Alloway 2 |
TOP OF THE 9TH |
Bakersfield Nobles batting - Pitching for Alloway Halberds : RHP Jim Unknown
|
Pitching: RHP Jim Unknown
|
|
Now in RF: Will Sherman
|
|
Pinch Hitting: RHB Kyle Bridges
|
0-0: Foul Ball, location: 2F 0-1: Called Strike 0-2: Strikes out looking
|
Batting: SHB Ray Davis
|
0-0: Called Strike 0-1: Foul Ball, location: 2F 0-2: Ball 1-2: Foul Ball, location: 2F 1-2: SINGLE (Line Drive, 8LS)
|
Batting: RHB Arnie Latham
|
0-0: Ball 1-0: Ball 2-0: Ball 3-0: Called Strike 3-1: Ground out 5-3 (Groundball, 56) Ray Davis to second
|
Pinch Hitting: LHB Luis Costello
|
0-0: Called Strike 0-1: Foul Ball, location: 2F 0-2: Strikes out looking
|
Top of the 9th over - 0 run(s), 1 hit(s), 0 error(s), 1 left on base; Bakersfield 2 - Alloway 2 |
BOTTOM OF THE 9TH |
Alloway Halberds batting - Pitching for Bakersfield Nobles : RHP Raúl Pérez
|
Pitching: RHP Jim Unknown
|
|
Now at 3B: Luis Costello
|
|
Pinch Hitting: LHB Francisco Rivas
|
0-0: Called Strike
|
Now at 3B: Juan Alba
|
0-1: Ball 1-1: Swinging Strike 1-2: Ball 2-2: Ground out 4-3 (Groundball, 4)
|
Batting: RHB Mark Davis
|
0-0: Ball 1-0: Fly out, F8 (Flyball, 8LM)
|
Batting: LHB Kenji Takahashi
|
0-0: Ball 1-0: Called Strike 1-1: Ball 2-1: Ball 3-1: Foul Ball, location: 2F 3-2: Foul Ball, location: 2F 3-2: Fly out, F7 (Flyball, 7M)
|
Bottom of the 9th over - 0 run(s), 0 hit(s), 0 error(s), 0 left on base; Bakersfield 2 - Alloway 2 |
TOP OF THE 10TH |
Bakersfield Nobles batting - Pitching for Alloway Halberds : RHP Jim Unknown
|
Now in CF: Orlando López
|
|
Batting: RHB Bill Sackett
|
0-0: Called Strike 0-1: Foul Ball, location: 2F 0-2: Ball 1-2: Ball 2-2: Ground out 5-3 (Groundball, 56)
|
Batting: RHB Tamasaburo Kato
|
0-0: Foul Ball, location: 2F 0-1: Ball 1-1: SINGLE (Line Drive, 4D)
|
Batting: LHB Emery Miller
|
0-0: Swinging Strike 0-1: Ball 1-1: Fielders Choice at 2nd, 1-6 (Groundball, 13)
|
Batting: RHB Gil Jenkins
|
0-0: Foul Ball, location: 2F 0-1: Called Strike 0-2: Foul Ball, location: 2F 0-2: Strikes out swinging
|
Top of the 10th over - 0 run(s), 1 hit(s), 0 error(s), 1 left on base; Bakersfield 2 - Alloway 2 |
BOTTOM OF THE 10TH |
Alloway Halberds batting - Pitching for Bakersfield Nobles : RHP Jim Unknown
|
Pinch Hitting: RHB Tracy Larson
|
0-0: Called Strike 0-1: Ball 1-1: Ball 2-1: Swinging Strike 2-2: SINGLE (Groundball, 23) (infield hit)
|
Batting: RHB Pedro Orozco
|
0-0: Ball Tracy Larson steals 2nd base 1-0: Intentional Walk
|
Batting: RHB Bill Stewart
|
0-0: Foul Ball, location: 2F 0-1: Ball 1-1: Sac Bunt - play at first, batter OUT! 1-4 Tracy Larson to third Pedro Orozco to second
|
Batting: LHB Will Sherman
|
0-0: Intentional Walk
|
Batting: RHB Juan Martínez
|
0-0: Ball 1-0: Swinging Strike 1-1: Foul Ball, location: 2F 1-2: Strikes out swinging
|
Batting: LHB Mathew Rose
|
0-0: Ball 1-0: Swinging Strike 1-1: Swinging Strike 1-2: Strikes out swinging
|
Bottom of the 10th over - 0 run(s), 1 hit(s), 0 error(s), 3 left on base; Bakersfield 2 - Alloway 2 |
TOP OF THE 11TH |
Bakersfield Nobles batting - Pitching for Alloway Halberds : RHP Jim Unknown
|
Pitching: RHP Lynwood Matos
|
|
Now at SS: Tracy Larson
|
|
Batting: RHB Jorge Gonzáles
|
0-0: Swinging Strike 0-1: Ball 1-1: Called Strike 1-2: Ball 2-2: Strikes out looking
|
Pinch Hitting: LHB Jeff Lee
|
0-0: Ball 1-0: Foul Ball, location: 2F 1-1: Called Strike 1-2: Ground out 4-3 (Groundball, 4)
|
Batting: SHB Ray Davis
|
0-0: Foul Ball, location: 2F 0-1: Ball 1-1: Foul Ball, location: 2F 1-2: Ball 2-2: Strikes out swinging
|
Top of the 11th over - 0 run(s), 0 hit(s), 0 error(s), 0 left on base; Bakersfield 2 - Alloway 2 |
BOTTOM OF THE 11TH |
Alloway Halberds batting - Pitching for Bakersfield Nobles : RHP Jim Unknown
|
Pitching: RHP Jim Unknown
|
|
Now in LF: Jeff Lee
|
|
Pinch Hitting: LHB Mark Crawford
|
0-0: Called Strike 0-1: Called Strike 0-2: Strikes out swinging
|
Batting: RHB Mark Davis
|
0-0: Called Strike 0-1: SINGLE (Groundball, 6MD)
|
Batting: LHB Kenji Takahashi
|
0-0: Called Strike 0-1: Ball 1-1: Foul Ball, location: 2F 1-2: Grounds into double play, 3-6-3 (Groundball, 3)
|
Bottom of the 11th over - 0 run(s), 1 hit(s), 0 error(s), 0 left on base; Bakersfield 2 - Alloway 2 |
TOP OF THE 12TH |
Bakersfield Nobles batting - Pitching for Alloway Halberds : RHP Lynwood Matos
|
Now in LF: Mark Crawford
|
|
Batting: RHB Arnie Latham
|
0-0: Ball 1-0: Swinging Strike 1-1: Foul Ball, location: 2F 1-2: Strikes out swinging
|
Batting: LHB Luis Costello
|
0-0: Ball 1-0: Foul Ball, location: 2F 1-1: Foul Ball, location: 2F 1-2: Ball 2-2: Foul Ball, location: 2F 2-2: Fly out, F7 (Flyball, 78D)
|
Batting: RHB Bill Sackett
|
0-0: Foul Ball, location: 2F 0-1: Foul Ball, location: 2F 0-2: SINGLE (Line Drive, 56)
|
Batting: RHB Tamasaburo Kato
|
0-0: Ball 1-0: Called Strike 1-1: Swinging Strike 1-2: Ball 2-2: Ball 3-2: Strikes out swinging
|
Top of the 12th over - 0 run(s), 1 hit(s), 0 error(s), 1 left on base; Bakersfield 2 - Alloway 2 |
BOTTOM OF THE 12TH |
Alloway Halberds batting - Pitching for Bakersfield Nobles : RHP Jim Unknown
|
Batting: RHB Tracy Larson
|
0-0: Ball 1-0: Called Strike 1-1: Foul Ball, location: 2F 1-2: Foul Ball, location: 2F 1-2: Strikes out looking
|
Batting: RHB Pedro Orozco
|
0-0: Ball 1-0: Called Strike 1-1: Ground out 1-3 (Groundball, 13S)
|
Batting: RHB Bill Stewart
|
0-0: Ball 1-0: Ground out 5-3 (Groundball, 56)
|
Bottom of the 12th over - 0 run(s), 0 hit(s), 0 error(s), 0 left on base; Bakersfield 2 - Alloway 2 |
TOP OF THE 13TH |
Bakersfield Nobles batting - Pitching for Alloway Halberds : RHP Lynwood Matos
|
Pitching: RHP Darwin von Loen
|
|
Batting: LHB Emery Miller
|
0-0: Called Strike 0-1: Ball 1-1: Ball 2-1: Ball 3-1: Foul Ball, location: 2F 3-2: Foul Ball, location: 2F 3-2: Base on Balls
|
Batting: RHB Gil Jenkins
|
0-0: Swinging Strike 0-1: Ball 1-1: Sac Bunt - play at first, batter OUT! 5-4 Emery Miller to second
|
Batting: RHB Ken Fulton
|
0-0: Fly out, F9 (Flyball, 9D) Runner from 2nd tags up, SAFE at 3rd, no throw
|
Batting: LHB Jeff Lee
|
0-0: Ball 1-0: Foul Ball, location: 2F 1-1: Ball 2-1: Fly out, F7 (Flyball, 78M)
|
Top of the 13th over - 0 run(s), 0 hit(s), 0 error(s), 1 left on base; Bakersfield 2 - Alloway 2 |
BOTTOM OF THE 13TH |
Alloway Halberds batting - Pitching for Bakersfield Nobles : RHP Jim Unknown
|
Batting: LHB Will Sherman
|
0-0: Ground out 4-3 (Groundball, 4M)
|
Batting: RHB Juan Martínez
|
0-0: Called Strike 0-1: Ball 1-1: Foul Ball, location: 2F 1-2: Ball 2-2: Foul Ball, location: 2F 2-2: Ball 3-2: Ground out 1-3 (Groundball, 13)
|
Batting: LHB Mathew Rose
|
0-0: Fly out, F8 (Flyball, 8LM)
|
Bottom of the 13th over - 0 run(s), 0 hit(s), 0 error(s), 0 left on base; Bakersfield 2 - Alloway 2 |
TOP OF THE 14TH |
Bakersfield Nobles batting - Pitching for Alloway Halberds : RHP Darwin von Loen
|
Batting: SHB Ray Davis
|
0-0: SINGLE (Flyball, 89M)
|
Batting: RHB Arnie Latham
|
0-0: Sac Bunt - play at first, batter OUT! 2-4 Ray Davis to second
|
Batting: LHB Luis Costello
|
0-0: Called Strike 0-1: Ball 1-1: Ball 2-1: Called Strike 2-2: Strikes out swinging
|
Batting: RHB Bill Sackett
|
0-0: Ball 1-0: Ball 2-0: Ball 3-0: Called Strike 3-1: Base on Balls
|
Batting: RHB Tamasaburo Kato
|
0-0: Ball 1-0: Ball 2-0: Fielders Choice at 2nd, 5-4 (Groundball, 56)
|
Top of the 14th over - 0 run(s), 1 hit(s), 0 error(s), 1 left on base; Bakersfield 2 - Alloway 2 |
BOTTOM OF THE 14TH |
Alloway Halberds batting - Pitching for Bakersfield Nobles : RHP Jim Unknown
|
Batting: LHB Mark Crawford
|
0-0: Called Strike 0-1: Foul Ball, location: 2F 0-2: Ball 1-2: Ball 2-2: Foul Ball, location: 2F 2-2: Strikes out swinging
|
Batting: RHB Mark Davis
|
0-0: Called Strike 0-1: Fly out, F6 (Popup, 6MS)
|
Batting: LHB Kenji Takahashi
|
0-0: Ball 1-0: Called Strike 1-1: Ground out 5-3 (Groundball, 56)
|
Bottom of the 14th over - 0 run(s), 0 hit(s), 0 error(s), 0 left on base; Bakersfield 2 - Alloway 2 |
TOP OF THE 15TH |
Bakersfield Nobles batting - Pitching for Alloway Halberds : RHP Darwin von Loen
|
Batting: LHB Emery Miller
|
0-0: Ball 1-0: Foul Ball, location: 2F 1-1: Foul Ball, location: 2F 1-2: Ball 2-2: Foul Ball, location: 2F 2-2: Ground out 1-3 (Groundball, 25)
|
Batting: RHB Gil Jenkins
|
0-0: Called Strike 0-1: Swinging Strike 0-2: Strikes out swinging
|
Batting: RHB Ken Fulton
|
0-0: Called Strike 0-1: Ball 1-1: Swinging Strike 1-2: Ball 2-2: Strikes out swinging
|
Top of the 15th over - 0 run(s), 0 hit(s), 0 error(s), 0 left on base; Bakersfield 2 - Alloway 2 |
BOTTOM OF THE 15TH |
Alloway Halberds batting - Pitching for Bakersfield Nobles : RHP Jim Unknown
|
Batting: RHB Tracy Larson
|
0-0: Ground out 6-3 (Groundball, 6)
|
Batting: RHB Pedro Orozco
|
0-0: Ball 1-0: Ball 2-0: Ball 3-0: Called Strike 3-1: Base on Balls
|
Batting: RHB Bill Stewart
|
0-0: Called Strike 0-1: Ball 1-1: Ground out 5-3 (Groundball, 56) Pedro Orozco to second
|
Batting: LHB Will Sherman
|
0-0: Ground out 4-3 (Groundball, 13)
|
Bottom of the 15th over - 0 run(s), 0 hit(s), 0 error(s), 1 left on base; Bakersfield 2 - Alloway 2 |
BOTTOM OF THE 16TH |
Alloway Halberds batting - Pitching for Bakersfield Nobles : RHP Jim Unknown
|
Batting: RHB Juan Martínez
|
0-0: Swinging Strike 0-1: Ball 1-1: Foul Ball, location: 2F 1-2: Strikes out looking
|
Batting: LHB Mathew Rose
|
0-0: Ball 1-0: Ball 2-0: Ball 3-0: Called Strike 3-1: SINGLE (Groundball, 56D)
|
Batting: LHB Mark Crawford
|
0-0: Foul Ball, location: 2F 0-1: Foul Ball, location: 2F 0-2: Foul Ball, location: 2F 0-2: Foul Ball, location: 2F 0-2: SINGLE (Groundball, 34) Mathew Rose to second Runner from 2nd tries for 3rd, OUT! Mark Crawford to second
|
Pitching: RHP Don Miller
|
|
Batting: RHB Mark Davis
|
0-0: Ground out 6-3 (Groundball, 6M)
|
Bottom of the 16th over - 0 run(s), 2 hit(s), 0 error(s), 1 left on base; Bakersfield 5 - Alloway 2 |
|